 Dungeon Crawl Stone Soup version 0.31-a0-1236-gaa9e43cceb (webtiles) character file.

Game seed: 5173984226043942994

314 Ivernyr the Shield-Bearer (level 6, -6/49 HPs)
             Began as a Formicid Fighter on Dec 15, 2023.
             Mangled by an ogre
             ... wielding a +0 giant club
              (22 damage)
             ... on level 4 of the Dungeon.
             The game lasted 00:04:26 (2667 turns).

Ivernyr the Shield-Bearer (Formicid Fighter)        Turns: 2667, Time: 00:04:27

Health: -6/49      AC: 12    Str: 22    XL:     6   Next: 72%
Magic:  6/6        EV:  9    Int:  8    God:
Gold:   144        SH:  5    Dex: 13    Spells: 5/5 levels left

rFire   . . .        a - +0 quarterstaff
rCold   . . .        c - +0 buckler
rNeg    + . .        b - +0 pearl dragon scales
rPois   .            (helmet unavailable)
rElec   .            (no cloak)
rCorr   .            (no gloves)
SInv    +            (no boots)
Will    .....        (no amulet) Stlth
                     (no ring)
HPRegen 0.28/turn    (no ring)
MPRegen 0.10/turn

%: no passive effects
@: no status effects
A: permanent stasis, dig shafts and tunnels, antennae 3, four strong arms
a: Dig, Shaft Self


You were on level 4 of the Dungeon.
You visited 1 branch of the dungeon, and saw 4 of its levels.

You collected 144 gold pieces.

Inventory:

Hand Weapons
 a - a +0 quarterstaff (weapon)
Missiles
 n - 3 throwing nets
Armour
 b - +0 pearl dragon scales (worn)
 c - a +0 buckler (worn)
Wands
 e - a wand of light (12)
Scrolls
 h - a scroll of teleportation {unknown}
 i - a scroll of poison {unknown}
 j - 10 scrolls of identify {unknown}
 k - a scroll of fog {unknown}
 l - 2 scrolls of blinking {unknown}
 m - a scroll of enchant weapon {unknown}
Potions
 d - 3 potions of might
 f - 2 potions of degeneration {unknown}
 g - a potion of enlightenment {unknown}


   Skills:
 + Level 4.4 Fighting
 * Level 4.4 Staves
 + Level 4.5 Armour
 + Level 5.4 Shields


You had 5 spell levels left.
You didn't know any spells.
Your spell library was empty.

Dungeon Overview and Level Annotations

Branches:
Dungeon (4/15)
 Temple: D:4-7

Altars:


Innate Abilities, Weirdness & Mutations

You cannot be hasted, slowed, berserked, paralysed or teleported.
You can dig through walls and to a lower floor.
You have a pair of large antennae on your head. (SInv)
Your four strong arms can wield two-handed weapons with a shield.


Message History

You sock the hobgoblin!
You kill the hobgoblin!
You block the endoplasm's attack.
An ogre comes into view. It is wielding a +0 giant club.
The ogre shouts!
The endoplasm freezes you.
You are frozen.
You sock the endoplasm!
You kill the endoplasm!
You hit the giant cockroach.
The giant cockroach is almost dead.
You block the giant cockroach's attack.
The giant cockroach bites you but does no damage.
You closely miss the giant cockroach.
The giant cockroach is almost dead.
The giant cockroach bites you but does no damage.
You sock the giant cockroach!
You kill the giant cockroach!
The ogre hits you with a +0 giant club!!
You hit the ogre.
The ogre is lightly wounded.
The ogre hits you with a +0 giant club!
* * * LOW HITPOINT WARNING * * *
You hit the ogre but do no damage.
The ogre is lightly wounded.
You hit the ogre.
The ogre is moderately wounded.
The ogre barely misses you.
You barely miss the ogre.
The ogre is moderately wounded.
The ogre barely misses you.
You sock the ogre!
The ogre is heavily wounded.
The ogre closely misses you.
You hit the ogre.
The ogre is heavily wounded.
You hit the ogre.
The ogre is severely wounded.
The ogre hits you with a +0 giant club!!
You die...

###. .... ...
... ... .. #.#
.. .. ###.##.
. .....# O#
#.#.###.#
##...@#..#####
#<....O(......
#.#...#.###.##
#.##.##.#
#.##.# .#
#.##.# ..
#.##.# .# {
.....# ##
......


You could see an ogre.

Vanquished Creatures
  A sky beast (D:3)
  Natasha (thrice) (D:2)
  5 adders
  3 gnolls (D:3)
  3 worms
  A dart slug (D:1)
  11 endoplasms
  3 giant cockroaches
  4 goblins
  8 hobgoblins
  4 kobolds
  A quokka (D:1)
  3 ball pythons
  8 bats
  3 frilled lizards
  7 rats
68 creatures vanquished.

Notes
Turn   | Place    | Note
-------+----------+-------------------------------------------
     0 | D:1      | Ivernyr the Formicid Fighter began the quest for the Orb.
     0 | D:1      | Reached XP level 1. HP: 18/18 MP: 1/1
   155 | D:1      | Reached XP level 2. HP: 24/24 MP: 2/2
   429 | D:1      | Reached XP level 3. HP: 28/29 MP: 3/3
   477 | D:1      | Found a faded altar of an unknown god.
   919 | D:2      | Noticed Natasha
   924 | D:2      | Killed Natasha
   925 | D:2      | Reached XP level 4. HP: 27/37 MP: 4/4
  1165 | D:2      | Noticed Natasha
  1176 | D:2      | Killed Natasha
  1177 | D:2      | Reached XP level 5. HP: 30/42 MP: 5/5
  1421 | D:2      | Noticed Natasha
  1426 | D:2      | Killed Natasha
  1704 | D:3      | Noticed a sky beast
  1721 | D:3      | Killed a sky beast
  1722 | D:3      | Reached skill level 5 in Shields
  1722 | D:3      | Reached XP level 6. HP: 49/49 MP: 6/6
  1926 | D:3      | You fall into a shaft and drop 1 floor!
  2655 | D:4      | Noticed an ogre
  2667 | D:4      | Mangled by an ogre

Illustrated notes

Levels and vault maps discovered:
D:1:      eino_arrival_tree_alley, layout_basic,
          shapermc_ecumenical_altar_acropolis
D:2:      layout_basic, uniq_natasha
D:3:      layout_basic
D:4:      layout_loops_ring, serial_shops, nicolae_shop_real_fake_doors

Skill      XL: |  1  2  3  4  5 |
---------------+----------------+-----
Staves         | 3 4 |  4.4
Fighting       | 4 |  4.4
Armour         | 4 |  4.5
Shields        | 5 |  5.4

Action                     |  1- 3 |  4- 6 || total
---------------------------+-------+-------++-------
  Melee: Quarterstaff      |    68 |   150 ||   218
Ability: Shaft Self        |       |     1 ||     1
 Armour: Scale mail        |    43 |       ||    43
         Pearl dragon scal |     2 |   123 ||   125
  Dodge: Dodged            |    22 |    79 ||   101
  Block: Buckler           |    17 |    35 ||    52

Table legend: (Time is in decaauts)
 A = Elapsed time spent in this place.
 B = Non-inter-level travel time spent in this place.
 C = Inter-level travel time spent in this place.
 D = Time resting spent in this place.
 E = Time spent auto-exploring this place.
 F = Levels seen in this place.
 G = Mean time per level.
                   A        B        C        D        E       F      G
               +--------+--------+--------+--------+--------+-----+--------+
         Total |   2700 |   2628 |     72 |    155 |   1876 |   4 |  675.0 |
       Dungeon |   2700 |   2628 |     72 |    155 |   1876 |   4 |  675.0 |
               +--------+--------+--------+--------+--------+-----+--------+

Top non-repeatable levels by time:
     D:2: 847 daAuts
     D:1: 834 daAuts
     D:3: 818 daAuts
     D:4: 199 daAuts
